 Dungeon Crawl Stone Soup version 0.21-b1-21-g86478ac (webtiles) character file.

2695 raph the Carver (level 9, -12/81 HPs)
             Began as a Minotaur Monk on Jan 4, 2018.
             Was an Elder of Wu Jian.
             Mangled by a wyvern (14 damage)
             ... on level 8 of the Dungeon.
             The game lasted 00:19:55 (9272 turns).

raph the Carver (Minotaur Monk)                     Turns: 9272, Time: 00:19:55

Health: -12/81     AC:  7    Str: 15    XL:     9   Next: 38%
Magic:  8/8        EV: 17    Int:  7    God:    Wu Jian [****..]
Gold:   138        SH:  0    Dex: 17    Spells: 7/8 levels left

rFire    . . .     SeeInvis .   a - +0 falchion
rCold    . . .     Gourm    .   (no shield)
rNeg     . . .     Faith    +   G - +0 steam dragon scales
rPois    .         Spirit   .   g - +1 hat
rElec    .         Reflect  .   (no cloak)
rCorr    .         Harm     .   (no gloves)
MR       .....                  H - +0 pair of boots
Stlth    ++........             i - amulet of faith
HPRegen  0.23/turn              (no ring)
MPRegen  0.11/turn              (no ring)

@: about to teleport
A: retaliatory headbutt, horns 2
a: Wall Jump, Serpent's Lash, Renounce Religion


You were on level 8 of the Dungeon.
You worshipped Wu Jian.
Wu Jian was greatly pleased with you.
You were hungry.

You visited 1 branch of the dungeon, and saw 8 of its levels.

You collected 392 gold pieces.
You spent 254 gold pieces at shops.

Inventory:

Hand Weapons
 a - a +0 falchion (weapon)
 b - a +0 shortbow
Missiles
 E - 91 arrows
Armour
 g - a +1 hat (worn)
 h - a +1 leather armour of fire resistance
 j - a +0 large shield
 w - a +0 robe
 G - +0 steam dragon scales (worn)
 H - a +0 pair of boots (worn)
 K - a +0 chain mail
Jewellery
 i - an amulet of faith (around neck)
 s - an uncursed ring of ice
Wands
 d - a wand of enslavement (15)
 k - a wand of random effects (39)
 x - a wand of flame (42)
 A - a wand of acid (10)
 I - a wand of iceblast (10)
 O - a wand of paralysis (10)
Scrolls
 e - 3 scrolls of teleportation
 m - a scroll of fear
 v - a scroll of blinking
 y - 2 scrolls of amnesia
 F - 3 scrolls of remove curse
 L - a scroll of identify
Potions
 o - a potion of invisibility
 q - a potion of flight
 r - 2 potions of brilliance
 z - a potion of haste {unknown}
 B - a potion of berserk rage {unknown}
 J - a potion of lignification {unknown}
Books
 D - a book of Cantrips

   Spells                             Type                      Level
   a - Confusing Touch                Hexes                        1
   b - Animate Skeleton               Necromancy                   1
   c - Summon Small Mammal            Summoning                    1
   d - Apportation                    Translocation                1
 M - a book of Cantrips

   Spells                             Type                      Level
   a - Confusing Touch                Hexes                        1
   b - Animate Skeleton               Necromancy                   1
   c - Summon Small Mammal            Summoning                    1
   d - Apportation                    Translocation                1
Comestibles
 c - 9 rations
 N - 6 chunks of flesh


   Skills:
 + Level 8.1 Fighting
 * Level 10.8 Long Blades
 + Level 4.2 Bows
 + Level 7.4 Dodging
 - Level 2.1 Stealth


You had 7 spell levels left.
You knew the following spells:

 Your Spells              Type           Power        Failure   Level  Hunger
a - Animate Skeleton      Necr           N/A          43%         1    ##.....


Dungeon Overview and Level Annotations

Branches:
Dungeon (8/15)             Temple (0/1) D:6
   Lair: D:8-11

Altars:
Ashenzari
Elyvilon
Fedhas
Gozag
Qazlal
Trog
Uskayaw
Vehumet
Wu Jian
Xom
Zin
The Shining One

Shops:
D:5 !   D:6 [   D:7 *!


Innate Abilities, Weirdness & Mutations

You reflexively headbutt those who attack you in melee.
You have a pair of horns on your head.


Message History

You feel less confused.
You feel sick.
You are no longer poisoned.
The orc priest looks encouraged for a moment.
Found a scroll of random uselessness and a hand axe.
There is an open door here.
The wyvern misses you.
You riposte.
You slash the wyvern! You headbutt the wyvern!
The wyvern is almost dead.
A sky beast comes into view.
The orc priest mumbles some strange prayers to Beogh against you.
Beogh smites you!
* * * LOW HITPOINT WARNING * * *
The crimson imp blinks!
The orc priest looks encouraged for a moment.
As you read the scroll of teleportation, it crumbles to dust.
You feel strangely unstable. The wyvern bites you.
* * * LOW HITPOINT WARNING * * *
The crimson imp blinks!
The wyvern bites you!
You die...

.#*h$##...*****+*****,,,,,*
o#,.."....##.......##..,,,*
Z#.........'....Y.....,,,,*
.#.........#.........,,,,,*
o#.........#........,,..),*
.##.......##.......#*.(..,*
y##)......##......$##§...,*
.).........+...§.........,*
.##........#....@........,*
.##.o......#....lo.....o.,*
.+..o......#?...Z........,*
.##....†..#######'###.5.,,*
.##.......##.......#*,..,,*
###).....o.o..Zo...#*,,.,,*
.##...............o#*******
......................,,,,*
.......................,,,*


You could see an orc warrior, a wyvern, a sky beast (wandering), an orc priest,
a crimson imp, an orc (sleeping) and a leopard gecko zombie.

Vanquished Creatures
  2 steam dragons (D:6)
  An orc warrior (D:7)
  An ice beast (D:5)
  2 sky beasts (D:6)
  3 centaurs
  3 ogres
  3 bullfrogs
  A scorpion (D:5)
  7 killer bees (D:8)
  2 howler monkeys (D:7)
  3 crimson imps
  2 centaur zombies
  A jelly (D:3)
  A centaur skeleton (D:6)
  3 hounds
  An iguana (D:8)
  7 orc wizards
  7 worker ants
  7 adders
  3 gnolls (D:7)
  2 shadow imps
  5 worms
  9 leopard geckos
  11 orcs
  4 ball pythons
  7 giant cockroaches
  5 hobgoblins
  14 jackals
  4 quokkas
  A ball python skeleton (D:5)
  9 bats
  3 frilled lizards
  7 goblins
  13 kobolds
  A leopard gecko skeleton (D:6)
  10 rats
165 creatures vanquished.

Notes
Turn   | Place    | Note
-------+----------+-------------------------------------------
     0 | D:1      | raph the Minotaur Monk began the quest for the Orb.
     0 | D:1      | Reached XP level 1. HP: 19/19 MP: 0/0
   271 | D:1      | Reached XP level 2. HP: 24/27 MP: 1/1
   312 | D:1      | Reached skill level 4 in Long Blades
  1369 | D:2      | Reached XP level 3. HP: 33/33 MP: 2/2
  1640 | D:2      | Found an ornate altar of the Wu Jian Council.
  1648 | D:2      | Became a worshipper of the Wu Jian Council
  1648 | D:2      | Reached * piety under Wu Jian
  1648 | D:2      | Reached ** piety under Wu Jian
  2263 | D:3      | Reached XP level 4. HP: 34/40 MP: 3/3
  2367 | D:3      | Reached skill level 5 in Long Blades
  2656 | D:3      | Found a faded altar of an unknown god.
  2961 | D:3      | Reached XP level 5. HP: 47/47 MP: 4/4
  3517 | D:4      | Found a bloodstained altar of Trog.
  3560 | D:4      | Found a white marble altar of Elyvilon.
  3788 | D:4      | Found a blossoming altar of Fedhas.
  3794 | D:4      | Reached skill level 6 in Long Blades
  4011 | D:4      | Reached skill level 5 in Fighting
  4052 | D:4      | Found an opulent altar of Gozag.
  4070 | D:4      | Noticed an ogre
  4077 | D:4      | Killed an ogre
  4077 | D:4      | Reached XP level 6. HP: 30/56 MP: 5/5
  4474 | D:4      | Found a stormy altar of Qazlal.
  4547 | D:5      | Entered Level 5 of the Dungeon
  4559 | D:5      | Reached *** piety under Wu Jian
  4559 | D:5      | Reached skill level 7 in Long Blades
  4559 | D:5      | Reached skill level 5 in Dodging
  4561 | D:5      | Reached XP level 7. HP: 30/62 MP: 6/6
  4890 | D:5      | Found Resegruz's Distillery.
  4923 | D:5      | Bought a potion of might for 56 gold pieces
  4923 | D:5      | Bought a potion of heal wounds for 70 gold pieces
  5353 | D:5      | Reached skill level 8 in Long Blades
  5921 | D:6      | HP: 2/64 [centaur (7)]
  6283 | D:6      | Found a glowing golden altar of the Shining One.
  6306 | D:6      | Found a radiant altar of Vehumet.
  6318 | D:6      | Found a staircase to the Ecumenical Temple.
  6342 | D:6      | Found Xeixto Kaup's Armour Emporium.
  6353 | D:6      | Noticed a steam dragon
  6369 | D:6      | Bought a +0 pair of boots for 58 gold pieces
  6483 | D:6      | Reached XP level 8. HP: 71/71 MP: 7/7
  6634 | D:6      | Reached skill level 1 in Bows
  6902 | D:6      | Reached skill level 9 in Long Blades
  7302 | D:6      | Found a shattered altar of Ashenzari.
  7635 | D:7      | Reached **** piety under Wu Jian
  8140 | D:7      | Found Zin's Purification Station.
  8149 | D:7      | Found a glowing silver altar of Zin.
  8151 | D:7      | Found Batzear's Distillery.
  8159 | D:7      | Bought a potion of heal wounds for 70 gold pieces
  8249 | D:7      | Reached skill level 10 in Long Blades
  8445 | D:7      | Reached XP level 9. HP: 69/79 MP: 8/8
  8570 | D:7      | Found a shimmering altar of Xom.
  8589 | D:7      | Learned a level 1 spell: Animate Skeleton
  8815 | D:7      | Found a hide-covered altar of Uskayaw.
  9243 | D:8      | HP: 4/81 [ogre/giant club (15)]
  9263 | D:8      | HP: 1/81 [wyvern (6)]
  9272 | D:8      | HP: 2/81 [wyvern (5)]
  9272 | D:8      | Mangled by a wyvern

Skill      XL: |  1  2  3  4  5  6  7  8  9 |
---------------+----------------------------+-----
Long Blades    | 4 5 6 7 8 10 | 10.8
Fighting       | 4 5 6 7 8 |  8.1
Stealth        | 2 |  2.1
Dodging        | 4 5 6 7 |  7.4
Bows           | 3 4 |  4.2

Action                   |  1- 3 |  4- 6 |  7- 9 || total
-------------------------+-------+-------+-------++-------
Melee: Falchion          |    75 |   129 |   278 ||   482
       Headbutt          |    13 |    26 |    58 ||    97
 Fire: Shortbow          |       |       |    42 ||    42
 Cast: Animate Skeleton  |       |       |     1 ||     1
Invok: Wall Jump         |     3 |    15 |     9 ||    27
       Whirlwind         |     1 |    10 |    11 ||    22
       Lunge             |       |    12 |    13 ||    25
       Serpent's Lash    |       |       |     2 ||     2
  Use: Scroll            |       |       |    20 ||    20
       Potion            |       |       |     6 ||     6
 Stab: Sleeping          |     3 |     6 |     1 ||    10
       Distracted        |       |     1 |       ||     1
  Eat: Chunk             |     4 |     7 |    15 ||    26
Armor: Robe              |     7 |       |       ||     7
       Leather armour    |    11 |    12 |    18 ||    41
       Steam dragon scal |       |       |    32 ||    32
Dodge: Dodged            |    64 |    89 |   219 ||   372
       Rpst.: Falchion   |    13 |    33 |    53 ||    99
